 Dungeon Crawl Stone Soup version 0.28.0-53-g5a82cb258f (webtiles) character file.

Game seed: 13382786881592070132

92 miket3c the Chopper (level 4, -9/40 HPs)
             Began as a Hill Orc Fighter on July 31, 2022.
             Killed by divine providence
             ... invoked by an orc priest
              (15 damage)
             ... on level 3 of the Dungeon.
             The game lasted 00:01:55 (1567 turns).

miket3c the Chopper (Hill Orc Fighter)              Turns: 1567, Time: 00:01:56

Health: -9/40      AC: 11    Str: 20    XL:     4   Next: 60%
Magic:  0/4        EV:  2    Int:  8    God:
Gold:   52         SH:  4    Dex: 10    Spells: 3/3 levels left

rFire   . . .      SeeInvis .   a - +0 war axe
rCold   . . .      Faith    .   c - +0 buckler
rNeg    . . .      Spirit   +   e - +0 plate armour
rPois   .          Reflect  .   (no helmet)
rElec   .          Harm     .   (no cloak)
rCorr   .          Rampage  .   (no gloves)
Will    .....                   (no boots)
Stlth   ..........              b - amulet of guardian spirit
HPRegen 0.13/turn               (no ring)
MPRegen 0.09/turn               (no ring)

@: constricted
A: no striking features
a: Convert to Beogh


You were on level 3 of the Dungeon.
You visited 1 branch of the dungeon, and saw 3 of its levels.

You collected 52 gold pieces.

Inventory:

Hand Weapons
 a - a +0 war axe (weapon)
Missiles
 f - 3 boomerangs (quivered)
 k - 6 silver boomerangs
Armour
 c - a +0 buckler (worn)
 e - a +0 plate armour (worn)
Jewellery
 b - an amulet of guardian spirit (around neck)
Wands
 j - a wand of flame (17)
Scrolls
 g - a scroll of teleportation {unknown}
 i - a scroll of torment {unknown}
Potions
 d - 4 potions of might
 h - 2 potions of degeneration {unknown}


   Skills:
 + Level 4.2 Fighting
 * Level 4.4 Axes
 + Level 3.9 Armour
 + Level 3.9 Shields


You had 3 spell levels left.
You didn't know any spells.
Your spell library was empty.

Dungeon Overview and Level Annotations

Branches:
Dungeon (3/15)

Altars:
Fedhas


Message History

The orc priest shouts, "Surrender to Beogh and we'll let you live!"
You block the orc priest's attack.
You hit the orc priest but do no damage.
You barely miss the ball python.
The orc priest hits you with a +2 trident of protection.
The ball python bites you but does no damage.
The ball python grabs you. The ball python constricts you.
The orc priest invokes the aid of Beogh against you.
Beogh smites you!
* * * LOW HITPOINT WARNING * * *
The ball python bites you but does no damage.
The ball python constricts you.
You slash the orc priest!
The orc priest is severely wounded.
You closely miss the ball python. You hit the orc but do no damage.
The orc hits you with a +0 short sword.
* * * LOW HITPOINT WARNING * * *
The orc priest shouts, "Join the one true god or die!"
The orc priest hits you with a +2 trident of protection.
* * * LOW HITPOINT WARNING * * *
The ball python bites you but does no damage.
The ball python constricts you.
You hit the orc priest but do no damage.
The orc priest shouts, "Beogh is our master!
Accept the truth or die!"
The orc priest is severely wounded.
You slash the orc!
You kill the orc!
You closely miss the ball python.
The ball python bites you but does no damage.
The ball python constricts you.
The orc priest calls down the wrath of Beogh upon you.
You barely resist. You closely miss the orc priest.
The orc priest is severely wounded.
You closely miss the ball python.
The ball python bites you but does no damage.
The ball python constricts you.
The orc priest mumbles some strange prayers to Beogh against you.
Beogh smites you!
You die...

...... .. #.........
##...## . ...>......
....... . .....
...##....? .
.......###.......# #
...# .....#.....
####†.#####......######.
...............So)......
.<..#.###...#)..@.......
....#.###..#$.†...#.##..
.............#......#
#.#.........##......#
..#...................
..#.....................
..........#########.####
#.#...)...# .#
#.#####...# .#


You could see an orc priest and a ball python.

Vanquished Creatures
  4 adders (D:2)
  2 worms (D:2)
  A dart slug (D:2)
  2 orcs (D:3)
  4 bats
  3 endoplasms
  2 giant cockroaches (D:1)
  2 goblins
  8 hobgoblins
  2 jackals (D:1)
  2 quokkas (D:1)
  2 ball pythons
  A frilled lizard (D:1)
  4 kobolds (D:2)
  3 rats
42 creatures vanquished.

Notes
Turn   | Place    | Note
-------+----------+-------------------------------------------
     0 | D:1      | miket3c the Hill Orc Fighter began the quest for the Orb.
     0 | D:1      | Reached XP level 1. HP: 19/19 MP: 1/1
   145 | D:1      | Reached XP level 2. HP: 24/27 MP: 2/2
   678 | D:2      | Reached XP level 3. HP: 33/33 MP: 3/3
  1042 | D:2      | Reached XP level 4. HP: 37/40 MP: 4/4
  1077 | D:2      | Found a blossoming altar of Fedhas.
  1117 | D:2      | Found a faded altar of an unknown god.
  1567 | D:3      | Killed from afar by an orc priest

Illustrated notes

Levels and vault maps discovered:
D:1:      lightli_arrival_statuegarden, layout_basic
D:2:      layout_basic, shapermc_ecumenical_altar_ellora, basic_altar
D:3:      layout_rooms, kennysheep_generic_room_12

Skill      XL: |  1  2  3 |
---------------+----------+-----
Axes           | 3 4 |  4.4
Fighting       | 4 |  4.2
Armour         | |  3.9
Shields        | |  3.9

Action                   |  1- 3 |  4- 6 || total
-------------------------+-------+-------++-------
Melee: War axe           |    80 |    39 ||   119
Armor: Plate armour      |    44 |    35 ||    79
       Scale mail        |     3 |       ||     3
Dodge: Dodged            |    27 |    11 ||    38
Block: Buckler           |    24 |    12 ||    36
